 Dungeon Crawl Stone Soup version 0.32-a0-132-g2d33c3cfaf (webtiles) character file.

Game seed: 913502551811739124

851 Dittersdorf the Covered (level 8, -3/51 HPs)
             Began as a Gargoyle Fighter on Feb 9, 2024.
             Slain by Pikel
             ... wielding a +2 whip of freezing
              (8 damage)
             ... on level 4 of the Dungeon.
             The game lasted 00:05:54 (5935 turns).

Dittersdorf the Covered (Gargoyle Fighter)          Turns: 5935, Time: 00:05:54

Health: -3/51      AC: 15    Str: 22    XL:     8   Next: 1%
Magic:  8/8        EV:  8    Int:  9    God:
Gold:   226        SH:  0    Dex:  9    Spells: 7/7 levels left

rFire   . . .        a - +0 flail
rCold   . . .        c - +0 buckler
rNeg    + + .        p - +0 chain mail
rPois   ∞            (no helmet)
rElec   +            (no cloak)
rCorr   .            (no gloves)
SInv    .            (no boots)
Will    .....        (no amulet) Stlth
                     q - ring of positive energy
HPRegen 0.28/turn    (no ring)
MPRegen 0.11/turn

%: no passive effects
@: confused, mighty
A: sickness immunity, AC +5, negative energy resistance 1, electricity
resistance, torment resistance 1, petrification resistance
a: no special abilities


You were on level 4 of the Dungeon.
You visited 1 branch of the dungeon, and saw 5 of its levels.

You collected 226 gold pieces.

Inventory:

Hand Weapons
 a - a +0 flail (weapon)
Armour
 c - a +0 buckler (worn)
 p - a +0 chain mail (worn)
Jewellery
 q - a ring of positive energy (left hand)
Scrolls
 i - a scroll of revelation
 k - a scroll of teleportation
Potions
 g - 4 potions of heal wounds {unknown}
 m - 2 potions of resistance {unknown}
 n - a potion of curing
 o - 2 potions of mutation


   Skills:
 + Level 5.7 Fighting
 + Level 4.6 Maces & Flails
 + Level 5.8 Armour
 + Level 5.8 Shields


You had 7 spell levels left.
You didn't know any spells.
Your spell library contained the following spells:

 Spells                   Type           Power      Damage    Failure   Level
 Animate Dead             Necr           0%         N/A       100%        4
 Haunt                    Necr/Summ      0%         N/A       100%        7
 Infestation              Necr           0%         N/A       100%        8


Dungeon Overview and Level Annotations

Branches:
Dungeon (5/15)
 Temple: D:4-7

Altars:
Ashenzari
Qazlal
Wu Jian

Annotations:
D:4 Pikel


Innate Abilities, Weirdness & Mutations

You are immune to sickness and miasma.
Your stone body is resilient. (AC +5)
You are immune to poison.
You resist negative energy. (rN+)
You are resistant to electric shocks. (rElec)
You are resistant to unholy torment.
You are immune to petrification.


Message History

You're too confused to move!
Pikel zaps a wand.
You resist with some effort.
Pikel zaps a wand.
You resist with some effort.
You bump into the rock wall.
You bump into the rock wall.
Pikel zaps a wand.
Your will is overpowered!
You are more confused.
You bump into the rock wall.
Pikel hits you but does no damage.
You miss Pikel.
Pikel is almost dead.
Pikel hits you but does no damage.
You completely miss Pikel.
Pikel is almost dead.
Pikel cracks his whip.
Pikel hits you but does no damage.
You bump into the rock wall.
Pikel hits you but does no damage.
You bump into the rock wall.
Pikel hits you but does no damage.
You bump into the rock wall.
Pikel hits you with a +2 whip of freezing.
* * * LOW HITPOINT WARNING * * *
Pikel freezes you.
* * * LOW HITPOINT WARNING * * *
You bump into the rock wall.
You feel less confused. Pikel barely misses you.
You barely miss Pikel.
Pikel is severely wounded.
Pikel hits you but does no damage.
You hit Pikel but do no damage.
Pikel is severely wounded.
Pikel zaps a wand.
Your will is overpowered!
You are confused.
You miss Pikel.
Pikel is severely wounded.
Pikel hits you but does no damage.
Pikel zaps a wand.
You resist with some effort.
You bump into the rock wall.
Pikel hits you but does no damage.
You bump into the rock wall.
Pikel hits you but does no damage.
You bump into the rock wall.
Pikel hits you with a +2 whip of freezing!
You die...
Pikel says, "Another soul for the market."

................#
########(.....###
.............#####
########.#.......#
.............>##.#######
#####.##.##............#
#..........#(#####.# #
#.##......[#K# #.#
#####.######...#@# #.#
.........# #...#.#####.#
#........# ##..#.......#
#........####..#..######
.########......#..#
......###.###.##..#
#..##.............###
##.#..<........#....#
##.####..........############


You could see Pikel.

Vanquished Creatures
  2 black bears
  4 lemures (D:4)
  Blork the orc (D:5)
  3 bombardier beetles
  2 orc priests
  Ijyb (D:4)
  Natasha (thrice) (D:2)
  2 iguanas (D:4)
  2 orc wizards
  11 gnolls
  5 adders
  3 dart slugs
  A ribbon worm (D:2)
  13 orcs
  5 endoplasms
  2 giant cockroaches
  4 goblins
  6 hobgoblins
  6 jackals
  3 quokkas
  6 ball pythons
  4 bats
  A frilled lizard (D:1)
  11 kobolds
  5 rats
106 creatures vanquished.

Notes
Turn   | Place    | Note
-------+----------+-------------------------------------------
     0 | D:1      | Dittersdorf the Gargoyle Fighter began the quest for the
                  | Orb.
     0 | D:1      | Reached XP level 1. HP: 14/14 MP: 1/1
   189 | D:1      | Reached XP level 2. HP: 19/19 MP: 2/2
  1037 | D:2      | Reached XP level 3. HP: 22/23 MP: 3/3
  1214 | D:2      | Reached XP level 4. HP: 19/29 MP: 4/4
  1273 | D:2      | Noticed Natasha
  1285 | D:2      | Killed Natasha
  1504 | D:2      | Noticed Natasha
  1511 | D:2      | Killed Natasha
  1512 | D:2      | Reached XP level 5. HP: 19/33 MP: 5/5
  2142 | D:2      | Noticed Natasha
  2147 | D:2      | Killed Natasha
  3231 | D:3      | Reached XP level 6. HP: 20/39 MP: 6/6
  3320 | D:3      | Found a faded altar of an unknown god.
  3392 | D:3      | Found a stormy altar of Qazlal.
  3419 | D:3      | Found a faded altar of an unknown god.
  3423 | D:3      | Found a broken altar of Ashenzari.
  3975 | D:4      | Noticed a black bear
  3984 | D:4      | Killed a black bear
  4083 | D:4      | Noticed Ijyb
  4278 | D:3      | Reached skill level 5 in Fighting
  4278 | D:3      | Reached skill level 5 in Armour
  4278 | D:3      | Reached skill level 5 in Shields
  4360 | D:4      | Killed Ijyb
  4361 | D:4      | Reached XP level 7. HP: 30/44 MP: 7/7
  4459 | D:4      | Found an ornate altar of the Wu Jian Council.
  5293 | D:5      | Entered Level 5 of the Dungeon
  5612 | D:5      | Noticed Blork the orc
  5623 | D:5      | Killed Blork the orc
  5624 | D:5      | Reached XP level 8. HP: 43/51 MP: 8/8
  5669 | D:5      | Noticed Pikel
  5911 | D:4      | HP: 2/51 [Pikel/+2 whip of freezing (2)]
  5935 | D:4      | Slain by Pikel

Illustrated notes

Levels and vault maps discovered:
D:1:      dpeg_arrival_more_subterranean_lakeside_camping, layout_basic,
          chequers_serial_rivers_small_3
D:2:      layout_basic, minmay_misc_feat_alley, kennysheep_doodads,
          minmay_door_square, uniq_natasha
D:3:      layout_basic, nicolae_overflow_ecumenical_swirl, grunt_qazlal_clouds,
          shapermc_ecumenical_altar_mp_highgroup
D:4:      layout_basic, nicolae_wu_jian_wuxing_cycle, uniq_ijyb
D:5:      layout_gridville, minmay_liquid_box, nicolae_twisty_statue_hallways,
          uniq_pikel, uniq_prince_ribbit1, uniq_blork_the_orc, uniq_menkaure

Skill      XL: |  1  2  3  4  5  6 |
---------------+-------------------+-----
Fighting       | 4 5 |  5.7
Armour         | 4 5 |  5.8
Shields        | 4 5 |  5.8
Maces & Flails | 3 4 |  4.6

Action                     |  1- 3 |  4- 6 |  7- 9 || total
---------------------------+-------+-------+-------++-------
  Melee: Flail             |    69 |   207 |   234 ||   510
  Throw: Throwing net      |       |       |     1 ||     1
    Use: Scroll            |       |     4 |     6 ||    10
         Potion            |       |       |     1 ||     1
 Armour: Chain mail        |    78 |   246 |   232 ||   556
         Scale mail        |     5 |       |       ||     5
  Dodge: Dodged            |    35 |   129 |    96 ||   260
  Block: Buckler           |     8 |    54 |    63 ||   125

Table legend: (Time is in decaauts)
 A = Elapsed time spent in this place.
 B = Non-inter-level travel time spent in this place.
 C = Inter-level travel time spent in this place.
 D = Time resting spent in this place.
 E = Time spent auto-exploring this place.
 F = Levels seen in this place.
 G = Mean time per level.
                   A        B        C        D        E       F      G
               +--------+--------+--------+--------+--------+-----+--------+
         Total |   6076 |   5763 |    313 |    911 |   3543 |   5 | 1215.2 |
       Dungeon |   6076 |   5763 |    313 |    911 |   3543 |   5 | 1215.2 |
               +--------+--------+--------+--------+--------+-----+--------+

Top non-repeatable levels by time:
     D:2: 1932 daAuts
     D:4: 1532 daAuts
     D:3: 1139 daAuts
     D:1: 1084 daAuts
     D:5: 387 daAuts
